[ AOE2 MATCH · #461150699 ]
1v1 RMKoreans vs Gurjaras
Player's team · WIN
Rival team · LOSS
[ REPLAY ANALYSIS · EXTRACTED FROM THE RECORDED GAME ]
Feudal
8:25
Castle
22:22
Imperial
—
| APM avg | 83.8 |
| APM peak | 147 |
| eAPM avg | 39.1 |
| Villagers / military | 127 / 79 |
Focus
⚔️ 46.3% · 🌾 53.7%
Archer ×36 · Spearman ×16 · War Wagon ×15 · Skirmisher ×12
Feudal
10:35
Castle
24:38
Imperial
—
| APM avg | 54.8 |
| APM peak | 87 |
| eAPM avg | 32.3 |
| Villagers / military | 110 / 20 |
Focus
⚔️ 42.3% · 🌾 57.7%
Militia ×7 · Scout Cavalry ×4 · Shrivamsha Rider ×4 · Scorpion ×2 · Monk ×2 · Mangonel ×1
Match map
Initial resources + every placement click. Lines = walls · curves = elevation contours. ◆ gold · ⬟ stone · ● berries · ✦ relic · ◌ wall gap
Your base· Open — unwalled flank
RyskiNinja's base· Open — unwalled flank
Smoothed initial terrain · ◌ = detected wall gap · hover for details
Inputs per minute
— Carmolo11 - - RyskiNinja
Build order — Carmolo11
First 150 of 371 actions detected
| 0:00 | Create | Villager (Male) |
| 0:00 | Create | Villager (Male) |
| 0:00 | Create | Villager (Male) |
| 0:01 | Build | House |
| 0:02 | Build | House |
| 0:04 | Create | Villager (Male) |
| 1:26 | Create | Villager (Male) |
| 1:51 | Build | Lumber Camp |
| 1:59 | Create | Villager (Male) |
| 2:18 | Create | Villager (Male) |
| 2:44 | Create | Villager (Male) |
| 3:10 | Create | Villager (Male) |
| 3:34 | Create | Villager (Male) |
| 3:35 | Create | Villager (Male) |
| 3:48 | Build | House |
| 3:52 | Build | House |
| 3:53 | Build | House |
| 4:07 | Create | Villager (Male) |
| 4:14 | Create | Villager (Male) |
| 5:20 | Create | Villager (Male) |
| 5:22 | Research | Loom |
| 5:32 | Build | Mill |
| 6:10 | Research | Feudal Age |
| 6:10 | Research | Feudal Age |
| 6:48 | Build | Palisade Wall |
| 6:49 | Build | Palisade Wall |
| 6:50 | Build | Palisade Wall |
| 6:51 | Build | Palisade Wall |
| 6:51 | Build | Palisade Wall |
| 6:58 | Build | Palisade Wall |
| 7:00 | Build | Palisade Wall |
| 7:02 | Build | Palisade Wall |
| 7:03 | Build | Palisade Wall |
| 7:05 | Build | Palisade Wall |
| 7:46 | Build | Barracks |
| 8:19 | Create | Villager (Male) |
| 8:21 | Build | Palisade Wall |
| 8:22 | Build | Palisade Wall |
| 8:24 | Build | Palisade Wall |
| 8:25 | Age | Feudal Age |
| 8:41 | Build | Archery Range |
| 8:42 | Create | Spearman |
| 8:45 | Create | Villager (Male) |
| 9:08 | Create | Spearman |
| 9:10 | Create | Villager (Male) |
| 9:28 | Create | Villager (Male) |
| 9:45 | Create | Skirmisher |
| 9:47 | Create | Villager (Male) |
| 9:49 | Build | House |
| 9:51 | Build | House |
| 9:54 | Create | Skirmisher |
| 9:56 | Create | Spearman |
| 10:02 | Build | House |
| 10:02 | Build | House |
| 10:16 | Create | Villager (Male) |
| 10:20 | Create | Villager (Male) |
| 10:44 | Create | Spearman |
| 10:48 | Build | Farm |
| 10:50 | Build | Farm |
| 10:54 | Create | Skirmisher |
| 10:58 | Create | Skirmisher |
| 11:17 | Create | Skirmisher |
| 11:18 | Create | Villager (Male) |
| 11:34 | Create | Spearman |
| 11:34 | Create | Spearman |
| 11:56 | Create | Skirmisher |
| 12:06 | Build | Farm |
| 12:08 | Build | Farm |
| 12:15 | Build | Palisade Wall |
| 12:17 | Build | Palisade Wall |
| 12:21 | Create | Skirmisher |
| 12:27 | Build | Farm |
| 12:29 | Build | Farm |
| 12:42 | Create | Spearman |
| 12:46 | Build | Farm |
| 12:48 | Build | Palisade Wall |
| 12:56 | Create | Villager (Male) |
| 12:56 | Create | Villager (Male) |
| 13:07 | Build | Watch Tower |
| 13:08 | Create | Spearman |
| 13:28 | Create | Spearman |
| 13:31 | Create | Villager (Male) |
| 13:32 | Build | Farm |
| 13:35 | Build | Farm |
| 13:44 | Create | Spearman |
| 13:53 | Build | House |
| 14:00 | Create | Villager (Male) |
| 14:02 | Build | Farm |
| 14:12 | Build | Watch Tower |
| 14:12 | Create | Villager (Male) |
| 14:20 | Create | Skirmisher |
| 14:20 | Create | Skirmisher |
| 14:20 | Create | Skirmisher |
| 14:24 | Create | Villager (Male) |
| 14:35 | Build | Farm |
| 14:44 | Create | Skirmisher |
| 14:45 | Create | Spearman |
| 14:55 | Create | Villager (Male) |
| 14:58 | Build | Farm |
| 15:16 | Create | Skirmisher |
| 15:17 | Create | Villager (Male) |
| 15:18 | Build | Farm |
| 15:23 | Build | House |
| 15:37 | Build | Mining Camp |
| 15:39 | Create | Villager (Male) |
| 15:58 | Create | Archer |
| 15:59 | Create | Villager (Male) |
| 16:05 | Create | Villager (Male) |
| 16:08 | Create | Spearman |
| 16:08 | Create | Spearman |
| 16:08 | Create | Spearman |
| 16:08 | Create | Spearman |
| 16:09 | Create | Spearman |
| 16:18 | Create | Villager (Male) |
| 16:35 | Build | House |
| 16:36 | Build | House |
| 16:40 | Build | House |
| 16:41 | Build | House |
| 16:49 | Build | Palisade Wall |
| 16:49 | Build | Palisade Wall |
| 16:50 | Build | Palisade Wall |
| 16:50 | Build | Palisade Wall |
| 17:04 | Create | Archer |
| 17:05 | Create | Villager (Male) |
| 17:24 | Build | Palisade Wall |
| 17:32 | Create | Archer |
| 17:34 | Build | Palisade Wall |
| 17:47 | Create | Villager (Male) |
| 17:55 | Build | Blacksmith |
| 17:57 | Create | Archer |
| 18:10 | Create | Villager (Male) |
| 18:15 | Build | Farm |
| 18:37 | Create | Villager (Male) |
| 18:50 | Create | Villager (Male) |
| 18:51 | Build | Farm |
| 19:34 | Build | Farm |
| 19:34 | Build | Farm |
| 19:42 | Research | Castle Age |
| 19:54 | Build | Palisade Gate |
| 20:11 | Build | Palisade Gate |
| 20:27 | Build | Farm |
| 20:28 | Build | Farm |
| 20:28 | Research | Double-Bit Axe |
| 20:28 | Research | Double-Bit Axe |
| 20:28 | Research | Double-Bit Axe |
| 20:28 | Research | Double-Bit Axe |
| 20:28 | Research | Double-Bit Axe |
| 20:52 | Research | Horse Collar |
| 20:52 | Research | Horse Collar |
| 20:52 | Research | Horse Collar |
Build order — RyskiNinja
First 150 of 246 actions detected
| 0:01 | Create | Villager (Male) |
| 0:01 | Create | Villager (Male) |
| 0:03 | Build | House |
| 0:05 | Build | House |
| 0:26 | Create | Villager (Male) |
| 0:26 | Create | Villager (Male) |
| 0:27 | Create | Villager (Male) |
| 0:54 | Build | Mill |
| 1:40 | Research | Loom |
| 1:43 | Create | Villager (Male) |
| 1:43 | Create | Villager (Male) |
| 2:07 | Create | Villager (Male) |
| 2:07 | Create | Villager (Male) |
| 2:44 | Create | Villager (Male) |
| 2:44 | Create | Villager (Male) |
| 3:11 | Build | House |
| 3:31 | Create | Villager (Male) |
| 3:32 | Create | Villager (Male) |
| 4:07 | Build | Barracks |
| 4:14 | Create | Villager (Male) |
| 4:14 | Create | Villager (Male) |
| 4:29 | Build | House |
| 4:34 | Create | Villager (Male) |
| 4:35 | Create | Villager (Male) |
| 4:35 | Create | Villager (Male) |
| 5:04 | Create | Villager (Male) |
| 5:33 | Create | Militia |
| 5:33 | Create | Militia |
| 5:50 | Create | Villager (Male) |
| 5:50 | Create | Villager (Male) |
| 5:56 | Create | Villager (Male) |
| 6:06 | Create | Militia |
| 6:07 | Create | Militia |
| 6:24 | Create | Militia |
| 6:43 | Create | Villager (Male) |
| 6:49 | Build | Lumber Camp |
| 7:22 | Create | Villager (Male) |
| 7:52 | Build | House |
| 8:00 | Create | Villager (Male) |
| 8:24 | Research | Feudal Age |
| 8:25 | Research | Feudal Age |
| 10:24 | Create | Villager (Male) |
| 10:25 | Create | Villager (Male) |
| 10:35 | Age | Feudal Age |
| 10:38 | Create | Villager (Male) |
| 10:44 | Build | Stable |
| 10:58 | Build | Watch Tower |
| 11:07 | Build | Farm |
| 11:23 | Research | Man-at-Arms (upgrade) |
| 11:23 | Research | Man-at-Arms (upgrade) |
| 11:25 | Build | Farm |
| 11:27 | Build | Farm |
| 11:42 | Create | Villager (Male) |
| 11:42 | Create | Villager (Male) |
| 12:10 | Build | House |
| 12:11 | Build | House |
| 12:19 | Build | Palisade Wall |
| 12:20 | Build | Palisade Wall |
| 12:20 | Build | Palisade Wall |
| 12:20 | Build | Palisade Wall |
| 12:21 | Build | Palisade Wall |
| 12:22 | Build | Palisade Wall |
| 12:22 | Build | Palisade Wall |
| 12:23 | Build | Palisade Wall |
| 12:26 | Create | Scout Cavalry |
| 12:47 | Build | House |
| 12:50 | Build | House |
| 13:00 | Create | Villager (Male) |
| 13:02 | Create | Villager (Male) |
| 13:22 | Build | Farm |
| 13:31 | Build | Farm |
| 13:33 | Create | Villager (Male) |
| 13:34 | Create | Villager (Male) |
| 13:42 | Build | Farm |
| 13:51 | Create | Villager (Male) |
| 13:52 | Create | Villager (Male) |
| 13:53 | Build | Farm |
| 14:01 | Build | House |
| 14:04 | Build | Farm |
| 14:05 | Create | Villager (Male) |
| 14:05 | Create | Villager (Male) |
| 14:11 | Build | Mining Camp |
| 14:38 | Build | Stone Wall |
| 14:59 | Create | Villager (Male) |
| 14:59 | Create | Villager (Male) |
| 15:00 | Create | Villager (Male) |
| 15:07 | Build | Farm |
| 15:08 | Build | Farm |
| 15:21 | Create | Villager (Male) |
| 15:24 | Build | Farm |
| 15:36 | Build | Lumber Camp |
| 15:42 | Create | Villager (Male) |
| 15:44 | Create | Scout Cavalry |
| 15:56 | Create | Militia |
| 16:00 | Build | Farm |
| 16:07 | Research | Arson |
| 16:07 | Research | Arson |
| 16:33 | Build | House |
| 16:34 | Build | House |
| 16:45 | Create | Villager (Male) |
| 16:47 | Build | Mining Camp |
| 16:54 | Build | House |
| 17:01 | Build | House |
| 17:23 | Create | Scout Cavalry |
| 17:32 | Create | Villager (Male) |
| 17:41 | Build | House |
| 17:47 | Create | Villager (Male) |
| 17:59 | Create | Villager (Male) |
| 18:01 | Create | Scout Cavalry |
| 18:12 | Build | Blacksmith |
| 18:14 | Build | Stone Wall |
| 18:22 | Build | Farm |
| 18:25 | Create | Militia |
| 18:55 | Build | Farm |
| 19:03 | Research | Wheelbarrow |
| 19:32 | Create | Villager (Male) |
| 20:24 | Create | Villager (Male) |
| 20:30 | Build | Market |
| 20:33 | Create | Villager (Male) |
| 20:54 | Create | Villager (Male) |
| 21:10 | Build | Mill |
| 21:15 | Build | House |
| 21:36 | Build | Outpost |
| 21:38 | Build | Outpost |
| 21:43 | Research | Castle Age |
| 21:43 | Research | Castle Age |
| 21:50 | Build | Farm |
| 22:02 | Build | Farm |
| 22:15 | Build | Farm |
| 22:43 | Research | Scale Barding Armor |
| 22:43 | Research | Scale Barding Armor |
| 22:47 | Build | House |
| 22:59 | Build | Farm |
| 23:02 | Build | Farm |
| 23:04 | Build | Farm |
| 23:06 | Research | Horse Collar |
| 23:06 | Research | Horse Collar |
| 23:27 | Research | Bloodlines |
| 23:28 | Research | Bloodlines |
| 24:18 | Build | Farm |
| 24:21 | Build | Farm |
| 24:38 | Age | Castle Age |
| 24:43 | Create | Villager (Male) |
| 25:02 | Build | Castle |
| 26:02 | Build | Farm |
| 26:02 | Build | Farm |
| 26:14 | Build | Town Center |
| 26:22 | Research | Fletching |
| 26:30 | Create | Shrivamsha Rider |
| 26:30 | Create | Shrivamsha Rider |
Match timeline
| 4:07 | RyskiNinja · first_building Barracks |
| 6:48 | Carmolo11 · wall_segment Palisade Wall x1 |
| 6:49 | Carmolo11 · wall_segment Palisade Wall x1 |
| 6:50 | Carmolo11 · wall_segment Palisade Wall x1 |
| 6:51 | Carmolo11 · wall_segment Palisade Wall x1 |
| 6:51 | Carmolo11 · wall_segment Palisade Wall x1 |
| 6:58 | Carmolo11 · wall_segment Palisade Wall x1 |
| 7:00 | Carmolo11 · wall_segment Palisade Wall x1 |
| 7:02 | Carmolo11 · wall_segment Palisade Wall x1 |
| 7:03 | Carmolo11 · wall_segment Palisade Wall x1 |
| 7:05 | Carmolo11 · wall_segment Palisade Wall x1 |
| 7:46 | Carmolo11 · first_building Barracks |
| 8:21 | Carmolo11 · wall_segment Palisade Wall x2 |
| 8:22 | Carmolo11 · wall_segment Palisade Wall x1 |
| 8:24 | Carmolo11 · wall_segment Palisade Wall x1 |
| 8:25 | Carmolo11 · age_up feudal |
| 8:41 | Carmolo11 · first_building Archery Range |
| 10:35 | RyskiNinja · age_up feudal |
| 10:44 | RyskiNinja · first_building Stable |
| 12:15 | Carmolo11 · wall_segment Palisade Wall x1 |
| 12:17 | Carmolo11 · wall_segment Palisade Wall x1 |
| 12:19 | RyskiNinja · wall_segment Palisade Wall x1 |
| 12:20 | RyskiNinja · wall_segment Palisade Wall x1 |
| 12:20 | RyskiNinja · wall_segment Palisade Wall x1 |
| 12:20 | RyskiNinja · wall_segment Palisade Wall x1 |
| 12:21 | RyskiNinja · wall_segment Palisade Wall x1 |
| 12:22 | RyskiNinja · wall_segment Palisade Wall x1 |
| 12:22 | RyskiNinja · wall_segment Palisade Wall x1 |
| 12:23 | RyskiNinja · wall_segment Palisade Wall x1 |
| 12:48 | Carmolo11 · wall_segment Palisade Wall x1 |
| 14:38 | RyskiNinja · wall_segment Stone Wall x8 |
| 16:49 | Carmolo11 · wall_segment Palisade Wall x1 |
| 16:49 | Carmolo11 · wall_segment Palisade Wall x1 |
| 16:50 | Carmolo11 · wall_segment Palisade Wall x1 |
| 16:50 | Carmolo11 · wall_segment Palisade Wall x1 |
| 17:24 | Carmolo11 · wall_segment Palisade Wall x1 |
| 17:34 | Carmolo11 · wall_segment Palisade Wall x1 |
| 18:14 | RyskiNinja · wall_segment Stone Wall x1 |
| 21:18 | RyskiNinja · first_market_buy 100 food |
| 22:13 | Carmolo11 · wall_segment Palisade Wall x1 |
| 22:22 | Carmolo11 · age_up castle |
| 23:26 | Carmolo11 · wall_segment Palisade Wall x14 |
| 23:58 | Carmolo11 · first_building Siege Workshop |
| 24:38 | RyskiNinja · age_up castle |
| 25:02 | RyskiNinja · first_building Castle |
| 27:33 | RyskiNinja · wall_segment Palisade Wall x3 |
| 30:08 | RyskiNinja · wall_segment Stone Wall x4 |
| 30:09 | Carmolo11 · first_building Castle |
| 31:01 | RyskiNinja · first_building Siege Workshop |
| 31:42 | RyskiNinja · first_building Monastery |
| 34:03 | RyskiNinja · wall_segment Stone Wall x8 |
| 35:21 | RyskiNinja · first_market_sell 100 wood |
| 36:36 | Carmolo11 · first_market_sell 100 food |
| 38:30 | RyskiNinja · resign |
[ AI ANALYSIS · 1 CREDIT ]
What really happened in this match?
Wolo.gg analyzes every decision: build order, eco, micro, common mistakes by bracket. Personalized analysis on WhatsApp or Discord in 30 seconds.
Civ guide
Koreans
Map guide
Arabia
Perfil
Jugador #4812474